Map: Disco Bloodbath LE

Players

IlIlIlIlIlIl

  • Race: Protoss Protoss
  • League: Master
  • Spawn Location: 9:00

Dave - Winner!

  • Race: Terran Terran
  • League: Master
  • Spawn Location: 3:00

VOD

Have the link to the VOD?

Description

Time

  • Played on: Sept. 3, 2019, 9:02 a.m.
  • Length: 11:05
Show
View Real Time Build Order
Export as new Build Order

IlIlIlIlIlIl Protoss 

Build Orders: 1 Gate Expand, Blink Stalkers 

Get SALT Encoding   

  12  0:00  Probe  
  13  0:12  Probe  
  14  0:17  Pylon  
  14  0:24  Probe  
  15  0:34  Probe  
  15  0:35  Gateway  
  15  0:42  Probe  
  16  0:47  Assimilator  
  17  0:52  Probe  
  18  1:04  Probe  
  19  1:16  Probe  
  20  1:22  Cybernetics Core  
  20  1:33  Nexus  
  20  1:36  Probe  
  21  1:43  Pylon  
  21  1:51  Adept  
  21  1:54  Probe, Assimilator  
  22  2:03  Warp Gate  
  22  2:06  Probe  
  25  2:18  Probe  
  25  2:22  Stalker  
  27  2:33  Probe  
  28  2:40  Twilight Council  
  28  2:42  Probe x2  
  28  2:50  Probe x2  
  30  2:54  Stalker  
  30  2:56  Blink  
  34  2:59  Probe  
  34  3:00  Probe  
  34  3:01  Pylon  
  36  3:12  Probe  
  37  3:13  Probe  
  37  3:24  Probe  
  37  3:25  Probe  
  37  3:35  Shield Battery x2  
  37  3:36  Probe  
  37  3:38  Probe  
  39  3:42  Gateway  
  39  3:47  Gateway  
  39  3:53  Robotics Facility  
  39  3:55  Sentry  
  41  3:57  Probe  
  41  3:58  Probe  
  44  4:11  Probe  
  44  4:18  Adept  
  44  4:20  Probe  
  47  4:37  Stalker  
  49  4:39  Stalker  
  49  4:42  Observer  
  49  4:44  Probe  
  53  4:46  Assimilator  
  53  4:48  Pylon, Nexus  
  53  4:51  Pylon  
  54  4:52  Probe  
  54  4:53  Pylon  
  54  5:03  Pylon  
  54  5:06  Observer, Probe x2  
  57  5:09  Gateway  
  57  5:11  Gateway, Sentry  
  57  5:12  Adept  
  61  5:20  Probe  
  62  5:26  Charge  
  62  5:33  Zealot x2  
  62  5:34  Pylon  
  66  5:36  Stalker  
  68  5:46  Probe  
  68  5:50  Probe  
  68  5:53  Robotics Bay  
  69  5:58  Probe  
  69  5:59  Assimilator  
  69  6:00  Forge  
  69  6:03  Forge  
  70  6:07  Probe  
  70  6:08  Probe  
  70  6:10  Probe  
  73  6:14  Zealot x5  
  83  6:20  Probe x2  
  83  6:22  Probe  
  86  6:28  Protoss Ground Armor Level 1, Protoss Ground Weapons Level 1  
  86  6:32  Probe x2  
  88  6:34  Probe  
  88  6:36  Zealot x5  
  99  6:42  Shield Battery  
  99  6:44  Shield Battery, Probe x2  
  85  7:08  Zealot x2  
  85  7:09  Zealot x3  
  85  7:10  Probe x3  
  98  7:27  Colossus, Probe x2  
  98  7:28  Extended Thermal Lance  
  98  7:29  Probe  
  107  7:32  Assimilator  
  107  7:35  Assimilator  
  107  7:38  Gateway  
  107  7:39  Probe x2  
  107  7:41  Gateway  
  107  7:42  Pylon  
  107  7:44  Nexus  
  109  7:45  Pylon  
  97  8:05  Stalker  
  97  8:06  Stalker x3  
  97  8:10  Protoss Ground Weapons Level 2  
  97  8:11  Protoss Ground Armor Level 2  
  105  8:20  Colossus  
  97  8:36  Zealot x7  
  97  8:38  Probe  
  112  8:42  Pylon  
  112  8:44  Pylon  
  94  9:02  Stalker  
  94  9:03  Stalker x6  
  108  9:15  Assimilator  
  108  9:16  Colossus  
  114  9:20  Assimilator  
  114  9:21  Gateway  
  114  9:23  Shield Battery, Gateway  
  114  9:25  Gravitic Boosters, Photon Cannon  
  114  9:28  Photon Cannon  
  114  9:30  Zealot x2  
  118  9:36  Templar Archives  
  114  9:51  Stalker x3  
  118  10:00  Stalker  
  118  10:02  Probe  
  118  10:03  Probe  
  122  10:11  Warp Prism  
  124  10:16  High Templar x3  
  124  10:17  High Templar  
  124  10:18  Zealot  
  124  10:19  Zealot x3  
  140  10:23  Probe x3  
  143  10:34  Stalker  
  145  10:48  Zealot x2  
Show
View Real Time Build Order
Export as new Build Order

Dave Terran - Winner!

Build Orders: Reaper Expand 

Get SALT Encoding   

  12  0:00  SCV  
  13  0:12  SCV  
  14  0:17  Supply Depot  
  14  0:25  SCV  
  15  0:38  SCV  
  15  0:39  Barracks  
  16  0:45  Refinery  
  16  0:50  SCV  
  17  1:02  SCV  
  18  1:15  SCV  
  19  1:27  Orbital Command, Reaper  
  20  1:44  Command Center  
  20  1:55  Bunker, SCV  
  20  1:59  Marine  
  22  2:07  SCV  
  23  2:10  Supply Depot  
  23  2:16  Barracks  
  23  2:18  Barracks Reactor  
  23  2:32  SCV  
  24  2:44  SCV  
  25  2:54  Command Center, Marine x2  
  25  2:56  SCV  
  28  3:02  Orbital Command  
  28  3:08  SCV  
  28  3:10  Barracks Tech Lab  
  28  3:12  Marine  
  28  3:20  SCV  
  29  3:30  SCV  
  29  3:31  Marine x2  
  29  3:32  SCV, Marine  
  34  3:38  Engineering Bay  
  34  3:41  Refinery  
  34  3:42  SCV  
  34  3:44  SCV  
  34  3:47  Stimpack  
  36  3:49  Marine  
  36  3:50  Marine  
  36  3:53  Marauder  
  36  3:54  SCV  
  41  3:56  SCV  
  42  4:06  Factory  
  42  4:07  Marine, SCV  
  42  4:08  Marine  
  46  4:10  Orbital Command  
  46  4:14  Refinery, SCV  
  46  4:20  SCV  
  46  4:21  Terran Infantry Weapons Level 1  
  47  4:26  SCV  
  47  4:29  Marine x2  
  47  4:30  Missile Turret  
  50  4:32  Marauder  
  50  4:37  SCV  
  54  4:38  SCV  
  54  4:43  Supply Depot  
  54  4:47  Marine  
  54  4:48  Supply Depot  
  54  4:50  SCV x2  
  54  4:51  SCV  
  54  4:52  Marine  
  59  4:55  Marauder  
  61  5:01  Starport, Factory Reactor  
  61  5:04  SCV  
  61  5:06  SCV  
  63  5:07  Refinery  
  63  5:11  Marine, SCV  
  65  5:14  Marine  
  65  5:16  Marine  
  65  5:19  SCV  
  65  5:20  Barracks, SCV  
  69  5:24  Supply Depot  
  69  5:25  Supply Depot  
  69  5:28  Combat Shield  
  69  5:30  Marine  
  69  5:31  SCV  
  69  5:32  SCV  
  72  5:37  Marauder, Marine  
  72  5:41  SCV  
  76  5:44  Factory Reactor  
  76  5:46  Medivac x2, Orbital Command  
  76  5:49  Supply Depot, SCV  
  80  5:52  Marine  
  80  5:54  SCV  
  82  5:59  Marauder  
  82  6:02  SCV  
  82  6:03  Supply Depot  
  85  6:09  SCV  
  86  6:12  SCV  
  86  6:14  SCV  
  86  6:15  Supply Depot  
  86  6:16  Medivac x2  
  86  6:17  Barracks Tech Lab, Terran Infantry Armor Level 1  
  92  6:19  Marine  
  92  6:20  Marauder  
  92  6:21  Marine, SCV  
  92  6:22  Widow Mine x2  
  92  6:25  SCV  
  102  6:26  SCV  
  102  6:29  Supply Depot  
  102  6:30  Supply Depot  
  101  6:37  Marauder, Concussive Shells  
  101  6:39  SCV x2  
  105  6:41  SCV  
  105  6:44  Widow Mine x2  
  105  6:46  Supply Depot, Medivac  
  112  6:51  SCV  
  108  6:55  Marine  
  108  6:56  Marauder, Marine  
  108  6:58  Marauder  
  107  7:05  Widow Mine x2, Medivac, SCV  
  107  7:06  SCV  
  107  7:13  Marine  
  107  7:14  Marine  
  109  7:16  Barracks x2  
  109  7:17  Bunker, Marauder  
  109  7:20  Marauder  
  111  7:26  Widow Mine  
  111  7:28  Widow Mine  
  111  7:29  Medivac  
  113  7:31  SCV, Marine  
  113  7:32  Refinery x2  
  113  7:33  SCV  
  113  7:34  Supply Depot x2  
  113  7:35  Medivac, Marine  
  119  7:37  SCV  
  119  7:43  Marauder x2, SCV  
  125  7:48  Widow Mine, Liberator, Marine  
  128  7:55  Marine  
  128  7:56  Widow Mine  
  129  7:59  Medivac  
  129  8:04  Marauder, Marine  
  132  8:06  Barracks Tech Lab  
  132  8:09  Widow Mine  
  132  8:10  Marine  
  138  8:13  Barracks Reactor  
  138  8:17  Widow Mine  
  139  8:22  Marauder, Armory, Marine  
  139  8:24  Engineering Bay  
  139  8:25  Marauder  
  140  8:29  Marine  
  140  8:30  Marauder, Medivac  
  140  8:31  Liberator  
  139  8:35  Widow Mine  
  139  8:39  Marine  
  139  8:40  Command Center  
  142  8:43  Liberator  
  142  8:44  Marauder  
  142  8:45  Supply Depot  
  142  8:47  Supply Depot, Marine, Marauder  
  141  8:49  Marine  
  141  8:51  Marauder, Marine  
  141  8:54  Widow Mine  
  144  9:00  Marine  
  144  9:01  Widow Mine  
  146  9:05  Marauder, Marine  
  146  9:08  Marauder  
  151  9:14  SCV x3  
  154  9:19  Supply Depot  
  154  9:20  Supply Depot  
  154  9:25  Marine  
  154  9:26  Liberator, Marine x3  
  154  9:28  Liberator  
  160  9:31  SCV  
  160  9:32  SCV  
  160  9:34  Widow Mine  
  164  9:42  Marauder, Marine  
  164  9:43  Widow Mine  
  169  9:53  SCV  
  169  9:58  Marauder, Marine x2  
  174  10:00  Marauder  
  178  10:07  Marauder  
  178  10:09  Refinery  
  178  10:11  Sensor Tower, Refinery  
  178  10:13  Missile Turret  
  175  10:19  Marauder  
  175  10:21  Planetary Fortress  
  180  10:30  Marine  
  180  10:31  Marauder x2, Marine  
  186  10:41  Marauder  
  191  10:45  Marine x2  
Tags
 
Add a new tag
Caveats
  • Supply blocks, unpowered buildings, or Contaminate may cause inaccurate times.
  • Supply counts are checked every 10 seconds.